 Dungeon Crawl Stone Soup version 0.29-a0-378-gc08b2e8bf8 (webtiles) character file.

Game seed: 5760317625068361795

297934 Bruhh the Eclecticist (level 21, -6/139 HPs)
             Began as a Human Earth Elementalist on May 4, 2022.
             Was an Initiate of Gozag.
             Killed from afar by an acid blob (35 damage)
             ... with a splash of acid
             ... on level 5 of the Pits of Slime.
             The game lasted 04:25:53 (66091 turns).

Bruhh the Eclecticist (Human Earth Elementalist)   Turns: 66091, Time: 04:25:54

Health: -6/139     AC:  0    Str: 11      XL:     21   Next: 85%
Magic:  10/40      EV: 11    Int: 31 (32) God:    Gozag
Gold:   1465       SH:  7    Dex: 11 (12) Spells: 5/50 levels left

rFire   . . .      SeeInvis .   w - staff of earth
rCold   . . .      Faith    .   X - +1 buckler {rN+}
rNeg    + . .      Spirit   .   R - +5 leather armour "Zowaapross" {Fly Str+3 Dex-3}
rPois   .          Reflect  .   (helmet restricted)
rElec   .          Harm     .   l - +0 cloak
rCorr   .          Rampage  .   (no gloves)
Will    +++..                   f - +0 pair of boots
Stlth   ++........              q - amulet of regeneration
HPRegen 1.13/turn               r - ring of wizardry
MPRegen 0.27/turn               I - +6 ring of intelligence

@: corroded, flying, unable to read
A: horns 1, deterioration 1, frail 1, strong-willed 2, inability to read while
threatened
}: 2/15 runes: serpentine, barnacled
a: Renounce Religion, Potion Petition, Call Merchant, Bribe Branch


You were on level 5 of the Pits of Slime.
You worshipped Gozag.
Gozag was most pleased with you.
You visited 7 branches of the dungeon, and saw 38 of its levels.

You collected 14504 gold pieces.
You spent 4273 gold pieces at shops.
You paid 8766 gold pieces to Gozag.

Inventory:

Missiles
 b - 124 stones
 s - a throwing net
Armour
 f - a +0 pair of boots (worn)
 l - a +0 cloak (worn)
 v - a scarf of invisibility
 Q - a +1 helmet of see invisible
 R - the +5 leather armour "Zowaapross" (worn) {Fly Str+3 Dex-3}
   (You bought it in a shop on level 10 of the Dungeon)

   Str:       It affects your strength (+3).
   Dex:       It affects your dexterity (-3).
   Fly:       It grants you flight.
 W - +2 storm dragon scales
 X - a +1 buckler of positive energy (worn)
Magical Staves
 w - a staff of earth (weapon)
Jewellery
 q - an amulet of regeneration (around neck)
 r - a ring of wizardry (left hand)
 I - a +6 ring of intelligence (right hand)
Wands
 B - a wand of paralysis (14)
 E - a wand of iceblast (14)
 G - a wand of digging (1)
 K - a wand of acid (8)
 N - a wand of polymorph (7)
 O - a wand of flame (35)
 U - a wand of charming (7)
 Z - a wand of mindburst (16)
Scrolls
 a - 2 scrolls of fear
 g - a scroll of torment
 h - 5 scrolls of enchant weapon
 i - 9 scrolls of fog
 m - 13 scrolls of identify
 o - 4 scrolls of teleportation
 p - 4 scrolls of immolation
 t - 3 scrolls of silence
 u - 5 scrolls of enchant armour
 x - 5 scrolls of poison
 y - 5 scrolls of amnesia
 z - 3 scrolls of summoning
 A - a scroll of blinking
 L - 5 scrolls of vulnerability
 P - 6 scrolls of magic mapping
Potions
 d - 7 potions of curing
 e - 10 potions of attraction
 j - 5 potions of berserk rage
 n - 10 potions of might
 C - 4 potions of lignification
 D - 4 potions of mutation
 F - a potion of ambrosia
 H - 2 potions of cancellation
 M - 5 potions of haste
 V - a potion of invisibility
 Y - 9 potions of brilliance
Miscellaneous
 k - a box of beasts
 J - a phantom mirror


   Skills:
 + Level 10.9 Fighting
 - Level 10.0 Armour
 - Level 2.0 Dodging
 - Level 2.0 Stealth
 - Level 10.0 Shields
 - Level 15.0 Spellcasting
 - Level 11.0 Conjurations
 - Level 9.5 Summonings
 - Level 10.0 Necromancy
 - Level 8.0 Transmutations
 - Level 3.0 Fire Magic
 + Level 12.7 Ice Magic
 - Level 12.0 Air Magic
 - Level 10.0 Earth Magic
 - Level 10.0 Poison Magic
 - Level 8.0 Evocations


You had 5 spell levels left.
You knew the following spells:

 Your Spells              Type           Power      Damage    Failure   Level
a - Sandblast             Erth           100%       2d20      1%          1
b - Stone Arrow           Conj/Erth      100%       3d13      1%          3
c - Summon Forest         Summ/Tloc      25%        N/A       4%          5
d - Poisonous Vapours     Pois/Air       100%       N/A       1%          2
e - Ignite Poison         Fire/Tmut/Pois 61%        N/A       1%          3
f - Haunt                 Necr/Summ      35%        N/A       17%         7
g - Statue Form           Tmut/Erth      58%        N/A       4%          6
h - Eringya's Noxious Bo  Tmut/Pois      34%        N/A       4%          6
i - Borgnjor's Vile Clut  Necr/Erth      45%        N/A       1%          5
j - Storm Form            Tmut/Air       35%        N/A       16%         7

Your spell library contained the following spells:

 Spells                   Type           Power      Damage    Failure   Level
 Freeze                   Ice            100%       1d11      0%          1
 Foxfire                  Conj/Fire      100%       2x1d9     1%          1
 Shock                    Conj/Air       100%       1d9       1%          1
 Corpse Rot               Necr/Air       100%       N/A       1%          2
 Passwall                 Tmut/Erth      72%        N/A       1%          2
 Scorch                   Fire           82%        2d9       1%          2
 Sublimation of Blood     Necr           71%        N/A       1%          2
 Wereblood                Tmut           65%        N/A       1%          2
 Conjure Flame            Conj/Fire      61%        6-21      1%          3
 Frozen Ramparts          Ice            100%       1d12      1%          3
 Inner Flame              Hex/Fire       32%        N/A       1%          3
 Mephitic Cloud           Conj/Pois/Air  75%        N/A       1%          3
 Swiftness                Air            78%        N/A       1%          3
 Airstrike                Air            39%        N/A       1%          4
 Animate Dead             Necr           35%        N/A       1%          4
 Flame Wave               Conj/Fire      61%        2d12      1%          4
 Fulminant Prism          Conj/Hex       27%        3d14      1%          4
 Hailstorm                Conj/Ice       77%        3d16      1%          4
 Iskenderun's Mystic Bla  Conj/Tloc      55%        2d12      1%          4
 Petrify                  Tmut/Erth      87%        N/A       1%          4
 Summon Lightning Spire   Summ/Air       74%        N/A       1%          4
 Alistair's Intoxication  Tmut/Pois      45%        N/A       1%          5
 Freezing Cloud           Conj/Ice/Air   38%        6-21      1%          5
 Lee's Rapid Deconstruct  Erth           45%        3d23*     1%          5
 Metabolic Englaciation   Hex/Ice        29%        N/A       2%          5
 Silence                  Hex/Air        28%        N/A       2%          5
 Gell's Gravitas          Tloc           23%        N/A       3%          3
 Lesser Beckoning         Tloc           23%        N/A       3%          3
 Teleport Other           Tloc           23%        N/A       3%          3
 Passage of Golubria      Tloc           23%        N/A       12%         4
 Simulacrum               Ice/Necr       38%        N/A       1%          6
 Summon Cactus Giant      Summ           35%        N/A       3%          6
 Spellforged Servitor     Conj/Summ      36%        N/A       16%         7
 Summon Hydra             Summ           35%        N/A       21%         7
 Maxwell's Capacitive Co  Air            39%        ∞         45%         8
 Lehudib's Crystal Spear  Conj/Erth      46%        10d11     67%         8
 Infestation              Necr           35%        N/A       75%         8
 Polar Vortex             Ice            40%        N/A       99%         9


Dungeon Overview and Level Annotations

Branches:
Dungeon (14/15)            Temple (0/1) D:6            Lair (6/6) D:11
 Shoals (4/4) Lair:2        Snake (4/4) Lair:4        Slime (5/5) Lair:5
    Orc (2/2) D:12            Elf (3/3) Orc:2
 Vaults: D:13-14

Altars:
Ashenzari
Cheibriados
Gozag
Hepliaklqana
Ru
Sif Muna
Vehumet
Wu Jian
Xom
Beogh
Jiyva
Lugonu

Shops:
D:5 *   D:10 [   D:11 =   D:12 !   Orc:1 [   Orc:2 [[:(   Elf:3 :   Shoals:3 !
Snake:3 *!(   Snake:4 !

Portals:
Abyss: Lair:6

Annotations:
D:5 1 runed translucent door, Crazy Yiuf
Snake:1 1 runed translucent door


Innate Abilities, Weirdness & Mutations

You have a pair of small horns on your head.
Your body sometimes deteriorates upon taking damage.
You are frail. (-10% HP)
You are highly strong-willed. (Will++)
You sometimes lose the ability to read scrolls when taking damage.


Message History

Confirm with . or Enter, or press ? or * to list all spells.
You ignite the poison in your surroundings!
The acid blob seems to burn from within!!!
The acid blob is severely wounded.
You are engulfed in blazing flames.
You feel threatened and lose the ability to read scrolls!
The acid blob festers in the toxic bog.
The acid blob is poisoned.
The acid blob spits acid at you. The splash of acid hits you!!
The acid corrodes you!
Unknown command.
Casting: Ignite Poison (safe; 1% risk of failure)
Confirm with . or Enter, or press ? or * to list all spells.
You ignite the poison in your surroundings!
The acid blob seems to burn from within!!
You kill the acid blob!
You are engulfed in blazing flames.
* * * LOW HITPOINT WARNING * * *
Unknown command.
You're standing in a cloud of flame!
You're standing in a cloud of flame!
You're standing in a cloud of flame!
You're standing in a cloud of flame!
You're standing in a cloud of flame!
You're standing in a cloud of flame!
There's nothing to open nearby.
There's nothing to open nearby.
An acid blob comes into view.
An acid blob is nearby!
Your noxious spew wanes.
An acid blob is nearby!
An acid blob is nearby!
The acid blob spits acid at you. The splash of acid hits you!!
* * * LOW HITPOINT WARNING * * *
Unknown command.
You cannot read scrolls in your current state!
The acid blob spits acid at you. The splash of acid hits you!!
You die...
Your body crumbles into a pile of gold.

.........$....$...............
.#......J..$..................
#............................
##...........................
#.#.........................
###.........................
#.........................
###.......................
##.....@................
###....................
##...................
#....................
###..................
##............<....
#####.............
####.#........ ##.#..#....


You could see an acid blob.

Vanquished Creatures
  the Royal Jelly (Slime:5)
  Saint Roka (Snake:3)
  Asterion (Snake:2)
  18 acid blobs
  11 rockslimes
  Donald (Snake:2)
  15 azure jellies
  7 nagarajas (Snake:4)
  A frost giant (Shoals:4)
  Aizul (Snake:2)
  A deep elf sorcerer (Elf:2)
  An orc warlord (Orc:1)
  6 quicksilver oozes
  A stone giant (shapeshifter) (Lair:6)
  A deep elf demonologist (Elf:2)
  2 deep elf annihilators
  5 merfolk javelineers
  7 merfolk impalers
  6 great orbs of eyes
  5 salamander tyrants
  Fannar (D:11)
  9 hydras
  A boulder beetle (D:12)
  3 centaur warriors (D:13)
  4 ogre magi (Orc:2)
  15 naga warriors
  16 anacondas
  A satyr (Shoals:2)
  3 alligator snapping turtles (Shoals:4)
  2 merfolk avatars (Shoals:4)
  16 two-headed ogres
  5 merfolk aquamancers
  9 death yaks
  The ghost of Opifex the Eclecticist, a journeyman DECj of Jiyva (Lair:2)
  8 naga sharpshooters
  3 shock serpents
  3 thrashing horrors (Lair:6)
  12 deep elf knights
  Amaemon (D:11)
  A fire crab (Lair:3)
  22 sea snakes
  A glowing orange brain (shapeshifter) (Lair:6)
  5 salamander mystics
  6 naga ritualists
  6 deep elf archers
  A glowing orange brain (Slime:4)
  13 harpies
  A lindwurm (Lair:3)
  25 deep elf pyromancers
  22 deep elf zephyrmancers
  3 orc knights (Orc:2)
  An oklob plant (Lair:6)
  2 shining eyes
  5 cyclopes
  5 fauns
  2 ugly things
  3 orc sorcerers
  6 manticores
  7 mana vipers
  23 salamanders
  4 elephants (Lair:5)
  37 black mambas
  6 merfolk sirens
  Maurice (D:10)
  8 guardian serpents
  20 naga magi
  An eye of devastation (shapeshifter) (Lair:6)
  An orange demon (D:11)
  An unseen horror (D:13)
  6 water nymphs
  3 eyes of devastation
  12 cane toads
  A rime drake (Lair:1)
  A kobold demonologist (D:10)
  11 komodo dragons
  2 ice devils (D:13)
  7 trolls
  3 ancient zymes (Lair:6)
  24 merfolk
  3 polar bears
  Prince Ribbit (D:7)
  2 hornets
  11 wind drakes
  31 blink frogs
  74 slime creatures
  8 dream sheep (Shoals:4)
  6 snapping turtles
  5 air elementals
  2 spriggans (Lair:6)
  3 wraiths
  4 shadows
  A ynoxinul (Lair:6)
  3 fire elementals
  7 basilisks
  29 yaks
  A spriggan (shapeshifter) (Lair:6)
  3 wyverns (Lair:5)
  14 water elementals
  8 small abominations (Lair:6)
  A fire bat (shapeshifter) (Lair:6)
  11 golden eyes
  Grum (D:11)
  A golden eye (shapeshifter) (Elf:1)
  2 chaos spawn (Lair:6)
  A steam dragon (D:9)
  2 acid dragons
  10 wargs
  A large abomination (Lair:6)
  36 nagas
  15 water moccasins
  7 nameless horrors
  A floating eye (Slime:4)
  2 ice beasts
  A sky beast (D:7)
  3 black bears
  30 orc warriors
  18 centaurs
  38 ogres
  20 wolves
  5 kobold brigands
  A phantom (D:7)
  12 bullfrogs
  3 earth elementals
  A necrophage (D:6)
  5 wights (D:8)
  12 killer bees
  5 electric eels
  15 howler monkeys
  5 jellies
  26 orc priests
  4 gnoll shamans
  4 hounds
  2 iguanas
  5 hell rats (Lair:4)
  Natasha (thrice) (D:3)
  37 orc wizards
  18 gnolls
  5 adders
  2 shadow imps
  4 white imps
  3 worms
  A dart slug (D:2)
  83 orcs
  8 ball pythons
  7 bats
  9 endoplasms
  3 giant cockroaches
  4 goblins
  2 hobgoblins (D:1)
  20 kobolds
  A frilled lizard (D:1)
  2 rats (D:1)
1248 creatures vanquished.

Vanquished Creatures (collateral kills)
  A kraken (Shoals:4)
  2 azure jellies
  4 quicksilver oozes
  A merfolk impaler (Shoals:2)
  3 two-headed ogres
  2 sea snakes
  3 shining eyes
  7 fauns
  11 manticores
  A salamander (Snake:4)
  A cyclops (D:12)
  3 merfolk sirens
  A black mamba (Snake:4)
  An eye of devastation (Slime:1)
  2 merfolk
  2 wind drakes
  2 slime creatures (Slime:4)
  2 snapping turtles
  A wraith (Shoals:2)
  4 yaks (D:12)
  A naga (Snake:4)
  2 orc warriors (Orc:1)
  An ogre (Orc:2)
  3 orcs (Orc:1)
61 creatures vanquished.

Vanquished Creatures (others)
  25 dancing weapons
  A deep elf zephyrmancer (Elf:1)
  A naga (Snake:1)
  A bush (Lair:3)
  39 fungi
  170 plants
  4 snaplasher vines
  11 tentacles (Shoals:4)
252 creatures vanquished.

Grand Total: 1561 creatures vanquished

Notes
Turn   | Place    | Note
-------+----------+-------------------------------------------
     0 | D:1      | Bruhh the Human Earth Elementalist began the quest for the
                  | Orb.
     0 | D:1      | Reached XP level 1. HP: 13/13 MP: 3/3
   265 | D:1      | Reached XP level 2. HP: 19/19 MP: 3/5
   954 | D:2      | Reached XP level 3. HP: 24/24 MP: 3/6
  1289 | D:2      | Found an opulent altar of Gozag.
  1384 | D:2      | Became a worshipper of Gozag Ym Sagoz the Greedy
  1815 | D:3      | Found a radiant altar of Vehumet.
  1855 | D:3      | Reached XP level 4. HP: 30/30 MP: 6/8
  1879 | D:3      | Found a shimmering blue altar of Sif Muna.
  1889 | D:3      | Reached skill level 3 in Spellcasting
  2042 | D:3      | Noticed Natasha
  2047 | D:3      | Killed Natasha
  2268 | D:3      | Noticed Natasha
  2271 | D:3      | Killed Natasha
  2272 | D:3      | Reached XP level 5. HP: 35/35 MP: 7/10
  2361 | D:3      | Found a shimmering altar of Xom.
  2410 | D:3      | Noticed Natasha
  2417 | D:3      | Killed Natasha
  2422 | D:3      | Learned a level 3 spell: Stone Arrow
  3034 | D:4      | Noticed a black bear
  3058 | D:4      | Reached skill level 4 in Spellcasting
  3058 | D:4      | Reached XP level 6. HP: 41/41 MP: 0/12
  3135 | D:4      | Reached skill level 5 in Earth Magic
  3450 | D:4      | Killed a black bear
  3866 | D:5      | Entered Level 5 of the Dungeon
  3866 | D:5      | Noticed an ogre
  3867 | D:5      | Noticed an ice beast
  3870 | D:5      | Killed an ogre
  3871 | D:5      | Reached XP level 7. HP: 46/46 MP: 0/14
  3998 | D:5      | Found Ommib's Assorted Antiques.
  4195 | D:5      | Reached skill level 1 in Conjurations
  4278 | D:5      | Reached skill level 5 in Spellcasting
  4735 | D:5      | Found a runed translucent door.
  4736 | D:5      | Noticed Crazy Yiuf
  4824 | D:5      | Reached XP level 8. HP: 45/52 MP: 8/15
  4893 | D:5      | You fall into a shaft and drop 2 floors!
  4918 | D:6      | Learned a level 3 spell: Frozen Ramparts
  4991 | D:6      | Reached skill level 1 in Ice Magic
  5304 | D:6      | Reached skill level 5 in Conjurations
  5353 | D:6      | Found a staircase to the Ecumenical Temple.
  5729 | D:7      | Noticed Prince Ribbit
  5736 | D:7      | Reached XP level 9. HP: 56/57 MP: 11/16
  5739 | D:7      | Killed Prince Ribbit
  7697 | D:8      | Reached skill level 6 in Spellcasting
  7697 | D:8      | Reached skill level 1 in Fighting
  7792 | D:8      | Reached XP level 10. HP: 70/70 MP: 1/19
  8133 | D:8      | Learned a level 2 spell: Poisonous Vapours
  8137 | D:8      | Learned a level 3 spell: Ignite Poison
  8192 | D:8      | Reached skill level 1 in Fire Magic
  8438 | D:8      | Reached skill level 5 in Fighting
  9746 | D:8      | Noticed a two-headed ogre
  9751 | D:8      | Killed a two-headed ogre
  9752 | D:8      | Reached XP level 11. HP: 38/89 MP: 14/20
 10764 | D:9      | Reached skill level 10 in Fighting
 10779 | D:9      | Reached skill level 1 in Evocations
 11044 | D:9      | Noticed a two-headed ogre
 11424 | D:9      | Killed a two-headed ogre
 11628 | D:10     | Entered Level 10 of the Dungeon
 11788 | D:10     | Found a broken altar of Ashenzari.
 11798 | D:10     | Reached skill level 7 in Spellcasting
 11989 | D:10     | Noticed Maurice
 11995 | D:10     | Killed Maurice
 12128 | D:10     | Found a hazy altar of Hepliaklqana.
 12314 | D:10     | Learned a level 5 spell: Freezing Cloud
 12512 | D:10     | Found a sacrificial altar of Ru.
 12724 | D:10     | Found a snail-covered altar of Cheibriados.
 12826 | D:10     | Found Dubegaul's Antique Armour Shop.
 12829 | D:10     | Bought a glowing helmet for 277 gold pieces
 12829 | D:10     | Bought a transparent leather armour for 259 gold pieces
 12829 | D:10     | Identified the +5 leather armour "Zowaapross" {Fly Str+3
                  | Dex-3} (You bought it in a shop on level 10 of the Dungeon)
 12829 | D:10     | Bought a tattered robe for 210 gold pieces
 12829 | D:10     | Identified the +0 robe "Vatwur" {Fly Slay+3} (You bought it
                  | in a shop on level 10 of the Dungeon)
 12919 | D:11     | Noticed a four-headed hydra
 12922 | D:11     | Reached skill level 5 in Evocations
 12926 | D:11     | Killed a four-headed hydra
 13033 | D:11     | Found a staircase to the Lair.
 13066 | D:11     | Reached skill level 8 in Spellcasting
 13068 | D:11     | Reached XP level 12. HP: 86/97 MP: 19/24
 13077 | D:11     | Noticed Amaemon
 13084 | D:11     | Killed Amaemon
 13174 | D:11     | Identified the ring "Agifiti" {Int+2 Slay+4}
 13241 | D:11     | Reached skill level 5 in Ice Magic
 13954 | D:11     | Found Romn's One-of-a-Kind Rings.
 13966 | D:11     | Noticed Fannar
 13968 | D:11     | Noticed Grum
 13970 | D:11     | Killed Fannar
 13990 | D:11     | Killed Grum
 14449 | D:11     | Learned a level 6 spell: Statue Form
 14677 | Lair:1   | Entered Level 1 of the Lair of Beasts
 15206 | Lair:1   | Reached skill level 5 in Transmutations
 15981 | Lair:1   | Reached XP level 13. HP: 85/103 MP: 21/25
 16531 | Lair:2   | You are sucked into a shaft and drop 1 floor!
 16553 | Lair:3   | Gained mutation: Your spells are a little easier to cast,
                  | but a little less powerful. [potion of mutation]
 17285 | Lair:2   | Found a staircase to the Shoals.
 17411 | Lair:2   | Found a sacrificial altar of Ru.
 18070 | Lair:2   | Reached skill level 10 in Earth Magic
 18115 | Lair:2   | Found a runed translucent gate.
 18117 | Lair:2   | Found a runed translucent gate.
 18118 | Lair:2   | Found a runed translucent gate.
 18286 | Lair:2   | Noticed Opifex's ghost (journeyman DECj)
 18558 | Lair:2   | Killed Opifex's ghost
 18559 | Lair:2   | Reached skill level 1 in Armour
 19183 | Lair:3   | Identified the +8 rapier "Jellyslayer" {flame, Will- Str+7}
 19670 | Lair:4   | Noticed a five-headed hydra
 19856 | Lair:4   | Killed a five-headed hydra
 19857 | Lair:4   | Reached skill level 1 in Poison Magic
 20531 | Lair:4   | Reached skill level 5 in Armour
 20886 | Lair:4   | Learned a level 6 spell: Eringya's Noxious Bog
 20964 | Lair:4   | Found a staircase to the Snake Pit.
 21209 | Lair:4   | Reached XP level 14. HP: 108/110 MP: 19/26
 21557 | Lair:4   | Reached skill level 5 in Poison Magic
 22199 | Lair:5   | Found an ornate altar of the Wu Jian Council.
 23117 | Lair:4   | Learned a level 5 spell: Summon Forest
 23489 | Lair:5   | Reached skill level 1 in Summonings
 24025 | Lair:5   | Found a staircase to the Slime Pits.
 24267 | Lair:6   | Entered Level 6 of the Lair of Beasts
 24731 | Lair:6   | Reached skill level 5 in Summonings
 26090 | Lair:6   | Identified the +5 scale mail of the Playwright {+Inv}
 26461 | Lair:6   | Noticed a dire elephant
 26476 | Lair:6   | Noticed a stone giant
 26476 | Lair:6   | a dire elephant changed into a stone giant
 26491 | Lair:6   | Killed a stone giant
 26492 | Lair:6   | Reached XP level 15. HP: 115/115 MP: 13/27
 26870 | Lair:6   | Reached skill level 10 in Poison Magic
 27242 | Lair:6   | Found a corrupted altar of Lugonu.
 27242 | Lair:6   | Found a one-way gate to the infinite horrors of the Abyss.
 27252 | Lair:6   | Reached skill level 9 in Spellcasting
 27659 | D:12     | Learned a level 6 spell: Summon Cactus Giant
 27926 | D:12     | Found a staircase to the Orcish Mines.
 28708 | D:12     | Reached skill level 10 in Spellcasting
 30353 | Orc:1    | Entered Level 1 of the Orcish Mines
 30353 | Orc:1    | Found Leuralic's Armour Boutique.
 31620 | Orc:1    | Noticed an orc warlord
 31652 | Orc:1    | Killed an orc warlord
 31861 | Orc:2    | Entered Level 2 of the Orcish Mines
 33050 | Orc:2    | Found a staircase to the Elven Halls.
 33504 | Orc:2    | Reached XP level 16. HP: 122/122 MP: 14/30
 34278 | Orc:2    | Reached skill level 10 in Armour
 34605 | Orc:2    | Found Qevaat's Armour Boutique.
 34605 | Orc:2    | Found Qupo's Armour Emporium.
 34606 | Orc:2    | Found Bioquij's Book Emporium.
 34606 | Orc:2    | Found Nietsau's Weapon Shop.
 34614 | Orc:2    | Bought Great Wizards, Vol. II for 418 gold pieces
 34616 | Orc:2    | Bought +2 storm dragon scales for 1288 gold pieces
 34616 | Orc:2    | Bought a +1 buckler of positive energy for 189 gold pieces
 35545 | Snake:1  | Entered Level 1 of the Snake Pit
 35695 | Snake:1  | Reached skill level 11 in Spellcasting
 36697 | Snake:1  | Learned a level 5 spell: Borgnjor's Vile Clutch
 36749 | Snake:1  | Found a runed translucent door.
 37439 | Snake:1  | Reached skill level 12 in Spellcasting
 37635 | Snake:1  | Reached skill level 1 in Shields
 39292 | Snake:2  | Noticed Aizul
 39301 | Snake:2  | Reached skill level 5 in Shields
 39302 | Snake:2  | Noticed Donald
 39322 | Snake:2  | Killed Donald
 39323 | Snake:2  | Reached XP level 17. HP: 124/128 MP: 2/33
 39341 | Snake:2  | Killed Aizul
 39920 | Snake:2  | Noticed Asterion
 39943 | Snake:2  | Killed Asterion
 40905 | Snake:3  | Found Jiklant's Distillery.
 40914 | Snake:3  | Bought a potion of magic for 112 gold pieces
 41065 | Snake:3  | Found Nuguicwa's General Store.
 41072 | Snake:3  | Bought a box of beasts for 640 gold pieces
 41299 | Snake:3  | Noticed Saint Roka
 41313 | Snake:3  | Killed Saint Roka
 41314 | Snake:3  | Reached skill level 10 in Shields
 41669 | Snake:3  | Found Ynee's Weapon Shop.
 41841 | Snake:3  | Reached skill level 1 in Necromancy
 42514 | Snake:4  | Entered Level 4 of the Snake Pit
 42797 | Snake:4  | Reached skill level 5 in Necromancy
 43230 | Snake:4  | Found Pyikki's Distillery.
 43269 | Snake:4  | Reached XP level 18. HP: 52/134 MP: 27/34
 43593 | Snake:4  | Reached skill level 13 in Spellcasting
 44024 | Snake:4  | Found Vinob's Magic Scroll Boutique.
 45486 | Snake:4  | Got a serpentine rune of Zot
 46919 | Snake:4  | Identified the +1 pair of gloves of Baldness {Dex+2}
 47398 | Slime:1  | Entered Level 1 of the Pits of Slime
 47818 | Elf:1    | Entered Level 1 of the Elven Halls
 47827 | Elf:1    | Reached skill level 14 in Spellcasting
 48033 | Elf:1    | Paralysed by an air elemental for 1 turns
 48121 | Elf:1    | Paralysed by an air elemental for 1 turns
 48125 | Elf:1    | Paralysed by an air elemental for 1 turns
 48319 | Elf:1    | Reached skill level 10 in Necromancy
 48440 | Elf:1    | Paralysed by an air elemental for 1 turns
 48916 | Elf:1    | Got Lom Lobon's Disquisition on Attacks
 49239 | Elf:1    | Reached XP level 19. HP: 138/139 MP: 34/37
 50051 | Elf:2    | Reached skill level 15 in Spellcasting
 50976 | Elf:2    | Found a runed translucent gate.
 50976 | Elf:2    | Found a runed translucent gate.
 50995 | Elf:2    | Found a runed translucent gate.
 51592 | Elf:2    | HP: 2/182 [+3 dire flail of holy wrath (20)]
 51899 | Elf:2    | Reached skill level 10 in Conjurations
 52700 | Elf:3    | Entered Level 3 of the Elven Halls
 52755 | Elf:3    | Bought a book of the Sky for 880 gold pieces
 52873 | Elf:3    | Paralysed by an air elemental for 1 turns
 53136 | Shoals:1 | Entered Level 1 of the Shoals
 53506 | Shoals:1 | Reached skill level 1 in Air Magic
 53658 | Shoals:1 | Learned a level 7 spell: Spellforged Servitor
 55239 | Shoals:2 | Reached XP level 20. HP: 147/147 MP: 24/39
 55305 | Shoals:2 | Learned a level 7 spell: Haunt
 56465 | Shoals:2 | Reached skill level 5 in Air Magic
 57081 | Shoals:3 | Learned a level 7 spell: Storm Form
 57199 | Shoals:3 | Found Kaggadaja's Distillery.
 58541 | Shoals:3 | Lost mutation: Your spells are a little easier to cast, but
                  | a little less powerful. [potion of mutation]
 58541 | Shoals:3 | Gained mutation: You have large cloven feet. [potion of
                  | mutation]
 58541 | Shoals:3 | Gained mutation: You are somewhat resistant to further
                  | mutation. [potion of mutation]
 58569 | Shoals:4 | Entered Level 4 of the Shoals
 59998 | Shoals:4 | Reached skill level 10 in Air Magic
 60844 | Shoals:4 | Got a barnacled rune of Zot
 62813 | Slime:2  | Reached XP level 21. HP: 153/153 MP: 24/40
 62978 | Slime:3  | Reached skill level 10 in Ice Magic
 63133 | Slime:3  | Gained mutation: You are frail. (-10% HP) [a shining eye]
 63241 | Slime:3  | Lost mutation: You are somewhat resistant to further
                  | mutation. [potion of mutation]
 63241 | Slime:3  | Lost mutation: You are frail. (-10% HP) [potion of
                  | mutation]
 63241 | Slime:3  | Lost mutation: You have large cloven feet. [potion of
                  | mutation]
 63241 | Slime:3  | Gained mutation: You have a pair of small horns on your
                  | head. [potion of mutation]
 63241 | Slime:3  | Gained mutation: You are strong-willed. (Will+) [potion of
                  | mutation]
 63241 | Slime:3  | Gained mutation: You are highly strong-willed. (Will++)
                  | [potion of mutation]
 64041 | Slime:4  | Paralysed by a floating eye for 4 turns
 64133 | Slime:4  | Gained mutation: You are frail. (-10% HP) [a shining eye]
 64969 | Slime:5  | Entered Level 5 of the Pits of Slime
 65104 | Slime:5  | Found a viscous altar of Jiyva.
 65104 | Slime:5  | Noticed the Royal Jelly
 65105 | Slime:5  | Found the +14 obsidian axe {vorpal, Mesm Drain Fly SInv}
 65122 | Slime:5  | Killed the Royal Jelly
 65793 | Slime:5  | Gained mutation: Your body sometimes deteriorates upon
                  | taking damage. [a shining eye]
 65795 | Slime:5  | Gained mutation: You sometimes lose the ability to read
                  | scrolls when taking damage. [a shining eye]
 66091 | Slime:5  | Killed from afar by an acid blob

Illustrated notes

Levels and vault maps discovered:
D:1:      minmay_arrival_hallway, layout_loops_ring, minmay_pentomino_w2
D:2:      layout_loops_ring, basic_altar, kennysheep_generic_room_12
D:3:      layout_rooms, mainiacjoe_overflow_six_doors_small,
          mainiacjoe_overflow_small_starburst, fiery_altar_vehumet,
          chequers_serial_rivers_large_b, uniq_natasha
D:4:      layout_loops_ring, hangedman_decor_opposing, serial_bayou_lake_a
D:5:      layout_rooms, mainiacjoe_overflow_surrounded_room, serial_shops,
          nicolae_shop_overgrown_old_shop, uniq_crazy_yiuf_cottage
D:6:      layout_rooms, minmay_temple_entry_ruins, chequers_decorated_corner,
          minmay_tree_intersection, st_stairs_8, chequers_avenue,
          kennysheep_generic_room_3
D:7:      layout_rooms, uniq_prince_ribbit1
D:8:      lemuel_castle_with_subvaults [lemuel_castle_interior_carwin_1],
          layout_rooms
D:9:      layout_basic
D:10:     layout_roguey, cheibrodos_worm_habitat,
          mainiacjoe_overflow_catwalk_spiral, ashenzari_altar_1, serial_shops,
          kennysheep_mini, uniq_maurice
D:11:     layout_irregular_city, erik_lair_orcish_takeover,
          nicolae_shop_unique_rings, uniq_fannar, uniq_amaemon, uniq_grum
D:12:     layout_basic, orc_0_dummy
D:13:     layout_cave_pools, portal_ice_cave_demonic_guard
D:14:     lemuel_ogre_cave, layout_loops_ring, david_vaults_1,
          grunt_decor_fettered
Lair:1:   statuecave_lemuel, layout_long_grid, serial_bayou_pond_d,
          hibernation_bobbens, grunt_megastairs_2, serial_bayou_shore_b
Lair:2:   layout_cave_pods, minmay_shoals_entry_beasts,
          ebering_ghost_rock_garden, basic_altar
Lair:3:   layout_small_grid, nicolae_lair_lindhole
Lair:4:   layout_layer_cave, guppyfry_snake_entry_garden,
          nicolae_volcano_entry_lava_flow, st_stairs_3, wad_woods_road_02,
          grunt_megastairs_5
Lair:5:   layout_cave_pods, dpeg_slime_entry_corner, basic_altar,
          bobbens_ice_dragon_lair
Lair:6:   hellmonk_lair_end_abyssal_woods, layout_cave_shapes,
          chequers_serial_rivers_marsh, minivault_23, infiniplex_staircase_pool
Shoals:1: layout_shoals
Shoals:2: cheibrodos_shoals_roost, layout_shoals, nicolae_shoals_so_close
Shoals:3: layout_shoals, serial_shops, shop
Shoals:4: shoals_end_grunt_ice, layout_shoals
Snake:1:  layout_layer_cave, lightli_airlock
Snake:2:  layout_layer_cave, serial_bayou, serial_bayou_lagoon_a,
          serial_bayou_shore_a, serial_bayou_crossing, serial_bayou_pond_d,
          uniq_donald, uniq_aizul, uniq_asterion
Snake:3:  layout_gridlike, serial_shops, shop, shop, shop, st_stairs_6,
          serial_bayou_shore_b, uniq_saint_roka
Snake:4:  grunt_snake_rune_pools, layout_chambers, minmay_shop_star
Slime:1:  layout_caves, cheibrodos_slime_lost_civilization_7
Slime:2:  layout_caves
Slime:3:  layout_caves
Slime:4:  layout_caves
Slime:5
Orc:1:    layout_diamond_mine, serial_shops, nicolae_shop_stone,
          minmay_orc_barracks
Orc:2:    st_orc_ogre_mass, layout_caves, basic_altar
Elf:1:    minmay_elf_arrival_summoners, layout_loops_corners,
          minmay_elf_annihilation
Elf:2:    nicolae_elf_blades_splatter_lattice [nicolae_blade_little_rooms],
          layout_loops_cross, minivault_25, hangedman_elf_represent
Elf:3:    minmay_elf_hall_dome, layout_geoelf_diagonals, serial_shops, shop

Skill      XL: |  1  2  3  4  5  6  7  8  9 10 11 12 13 14 15 16 17 18 19 20 21 |
---------------+----------------------------------------------------------------+-----
Spellcasting   | 3 4 5 6 8 10 12 14 15 | 15.0
Earth Magic    | 4 5 6 8 10 | 10.0
Conjurations   | 3 6 9 11 | 11.0
Ice Magic      | 3 6 8 9 12 | 12.7
Fighting       | 3 9 10 | 10.9
Fire Magic     | 3 |  3.0
Evocations     | 5 8 |  8.0
Transmutations | 6 8 |  8.0
Armour         | 5 8 10 | 10.0
Poison Magic   | 4 9 10 | 10.0
Summonings     | 6 7 9 |  9.5
Shields        | 6 10 | 10.0
Necromancy     | 6 10 | 10.0
Air Magic      | 3 10 12 | 12.0
Dodging        | |  2.0
Stealth        | |  2.0

Action                   |  1- 3 |  4- 6 |  7- 9 | 10-12 | 13-15 | 16-18 | 19-21 || total
-------------------------+-------+-------+-------+-------+-------+-------+-------++-------
Melee: Unarmed           |     1 |     2 |       |       |       |       |    29 ||    32
       Staff             |       |       |       |     3 |   102 |   157 |    94 ||   356
       Punch             |       |       |       |     1 |     4 |       |       ||     5
       Kick              |       |       |       |       |       |       |     3 ||     3
       Headbutt          |       |       |       |       |       |       |     3 ||     3
 Cast: Sandblast         |    40 |    33 |    70 |   248 |   115 |    96 |   135 ||   737
       Stone Arrow       |       |    16 |    44 |    24 |   348 |   254 |   100 ||   786
       Frozen Ramparts   |       |       |     9 |    10 |     6 |       |       ||    25
       Poisonous Vapours |       |       |       |    83 |    19 |     5 |    79 ||   186
       Ignite Poison     |       |       |       |    28 |    19 |    28 |   110 ||   185
       Freezing Cloud    |       |       |       |     8 |     8 |       |       ||    16
       Statue Form       |       |       |       |       |     4 |    46 |    61 ||   111
       Eringya's Noxious |       |       |       |       |    37 |    52 |    53 ||   142
       Summon Forest     |       |       |       |       |     4 |     1 |     9 ||    14
       Summon Cactus Gia |       |       |       |       |     7 |     5 |     5 ||    17
       Borgnjor's Vile C |       |       |       |       |       |    61 |   128 ||   189
       Spellforged Servi |       |       |       |       |       |       |     5 ||     5
       Haunt             |       |       |       |       |       |       |    26 ||    26
       Storm Form        |       |       |       |       |       |       |     3 ||     3
Invok: Call Merchant     |       |       |       |       |     1 |       |     1 ||     2
       Potion Petition   |       |       |       |       |       |    13 |     5 ||    18
  Use: Scroll            |       |       |       |       |    24 |     7 |     7 ||    38
       Potion            |       |       |       |       |     6 |     4 |     7 ||    17
 Stab: Distracted        |       |       |       |       |     1 |     4 |     2 ||     7
Armor: Robe              |       |     3 |     8 |     3 |       |       |       ||    14
       Leather armour    |       |       |       |    38 |   171 |    59 |    50 ||   318
       Skin              |       |       |       |       |    82 |   384 |   326 ||   792
       Storm dragon scal |       |       |       |       |       |     1 |       ||     1
Dodge: Dodged            |    15 |    11 |    11 |    87 |   303 |   357 |   334 ||  1118
Block: Buckler           |       |       |       |       |       |   255 |   206 ||   461

Table legend: (Time is in decaauts)
 A = Elapsed time spent in this place.
 B = Non-inter-level travel time spent in this place.
 C = Inter-level travel time spent in this place.
 D = Time resting spent in this place.
 E = Time spent auto-exploring this place.
 F = Levels seen in this place.
 G = Mean time per level.
                   A        B        C        D        E       F      G
               +--------+--------+--------+--------+--------+-----+--------+
         Total |  69311 |  66485 |   2826 |  10321 |  46148 |  38 | 1824.0 |
       Dungeon |  18488 |  17491 |    997 |   2816 |  12322 |  14 | 1320.6 |
          Lair |  13608 |  12679 |    929 |    796 |  10340 |   6 | 2268.0 |
        Shoals |   8727 |   8610 |    117 |   1300 |   5848 |   4 | 2181.8 |
     Snake Pit |  12722 |  12430 |    292 |   2690 |   7797 |   4 | 3180.5 |
    Slime Pits |   5227 |   5170 |     57 |    499 |   3881 |   5 | 1045.4 |
  Orcish Mines |   4642 |   4442 |    200 |   1604 |   1900 |   2 | 2321.0 |
   Elven Halls |   5894 |   5662 |    232 |    614 |   4057 |   3 | 1964.7 |
               +--------+--------+--------+--------+--------+-----+--------+

Top non-repeatable levels by time:
 Snake:3: 3551 daAuts
 Snake:4: 3433 daAuts
 Snake:1: 3231 daAuts
  Lair:6: 3209 daAuts
   Elf:2: 3028 daAuts
     D:8: 2994 daAuts
Shoals:4: 2860 daAuts
  Lair:4: 2682 daAuts
   Orc:1: 2649 daAuts
   Elf:1: 2630 daAuts
 Snake:2: 2506 daAuts
    D:12: 2437 daAuts
Shoals:1: 2433 daAuts
  Lair:5: 2184 daAuts
  Lair:3: 2027 daAuts
